AoeStats
← Scary Shrimp

Arena

507109808Analyzed
3v3 RM · 15d ago on Sep 16, 2026· 68m 9s· 6 players
Game mode
Random Map
Map size
Normal (6 player)
Population
200
Speed
Normal
Resources
Standard
Victory
Conquest
Starting age
Dark Age
Ending age
Imperial Age
RankedLock teamsTeams togetherTeam positionsShared explorationLock speedFull tech treeHidden civsTurbo modeCheats
Victory
Defeat
🇩🇪 Franks · Germany
1140
+15
🇪🇸 Persians · Spain
1128
+15
🇹🇷 Vikings · Türkiye
1105
+16
🇳🇱 Hindustanis · Netherlands
1169
-17
🇳🇱 Celts · Netherlands
1164
-18
🇳🇱 Khmer · Netherlands
1006
-11
Jeremy Fragrance
10:16 Feudal Age
14:12 Castle Age
12:11 Double-Bit Axe
13:00 Horse Collar
15:22 Bow Saw
16:38 Heavy Plow
18:40 Stone Mining
20:27 Wheelbarrow
20:57 Man-at-Arms
21:24 Gambesons
22:20 Scale Mail Armor
23:18 Gold Mining
23:50 Town Watch
24:43 Forging
26:06 Chain Mail Armor
26:32 Gold Shaft Mining
28:00 Iron Casting
26:56 Long Swordsman
27:42 Pikeman
28:08 Arson
28:46 Loom
32:06 Imperial Age
30:22 Masonry
32:29 Hand Cart
32:34 Onager
33:40 Conscription
34:24 Stone Shaft Mining
34:24 Plate Mail Armor
33:19 Two-Handed Swordsman
33:38 Halberdier
35:44 Blast Furnace
35:20 Furor Celtica
35:57 Siege Engineers
36:44 Siege Onager
37:39 Elite Woad Raider
48:42 Two-Handed Swordsman
56:19 Caravan
Scary Shrimp
7:57 Loom
10:59 Feudal Age
15:22 Castle Age
13:48 Double-Bit Axe
13:56 Horse Collar
14:20 Double-Bit Axe
15:04 Loom
18:23 Wheelbarrow
18:50 Bow Saw
20:31 Scale Barding Armor
22:17 Bloodlines
22:36 Husbandry
22:41 Gold Mining
24:29 Forging
24:51 Hand Cart
24:56 Town Watch
25:48 Stone Mining
26:01 Heavy Plow
28:30 Gold Shaft Mining
28:46 Fletching
29:16 Padded Archer Armor
32:26 Imperial Age
31:27 Iron Casting
31:13 Chain Barding Armor
31:38 Leather Archer Armor
31:31 Grand Trunk Road
31:53 Masonry
32:19 Thumb Ring
33:09 Stone Shaft Mining
32:35 Heavy Camel Rider
34:21 Chemistry
33:45 Conscription
34:13 Plate Barding Armor
34:41 Blast Furnace
34:31 Imperial Camel Rider
37:07 Shatagni
39:18 Ring Archer Armor
42:37 Bodkin Arrow
43:04 Ballistics
48:12 Light Cavalry
49:17 Siege Engineers
50:02 Hussar
ItalianDwayne
11:32 Feudal Age
12:00 Horse Collar
17:52 Castle Age
16:29 Double-Bit Axe
19:44 Scale Barding Armor
19:47 Light Cavalry
20:42 Bloodlines
20:34 Husbandry
23:10 Bow Saw
32:04 Light Cavalry
35:59 Tusk Swords
39:05 Chain Barding Armor
40:07 Stone Mining
40:07 Gold Mining
44:30 Imperial Age
49:29 Ballistics
50:15 Chemistry
54:18 Hussar
55:47 Wheelbarrow
57:21 Plate Barding Armor
57:46 Siege Engineers
58:30 Heavy Plow
65:17 Elite Skirmisher
66:10 Fletching
66:21 Padded Archer Armor
HyWii
12:15 Feudal Age
16:32 Castle Age
15:04 Double-Bit Axe
19:37 Bow Saw
26:37 Forging
29:27 Wheelbarrow
28:42 Loom
29:10 Gold Mining
30:04 Scale Barding Armor
34:21 Imperial Age
32:36 Iron Casting
33:01 Hand Cart
34:20 Chain Barding Armor
34:25 Cavalier
35:07 Husbandry
36:11 Blast Furnace
37:36 Chemistry
36:12 Paladin
39:28 Light Cavalry
42:49 Chivalry
45:58 Plate Barding Armor
63:46 Conscription
notagoodplayer
10:27 Feudal Age
12:24 Loom
14:58 Castle Age
13:11 Double-Bit Axe
14:58 Horse Collar
16:29 Bow Saw
18:42 Town Watch
22:18 Gold Mining
22:25 Stone Mining
24:44 Gold Shaft Mining
24:54 Heavy Plow
26:15 Squires
26:01 Gambesons
25:36 Pikeman
26:02 Arson
29:32 Imperial Age
27:28 Town Patrol
27:51 Ballistics
28:35 Fletching
28:47 Scale Mail Armor
30:44 Chain Mail Armor
30:40 Forging
30:10 Onager
31:15 Man-at-Arms
32:19 Conscription
32:13 Chieftains
33:58 Chemistry
32:40 Treadmill Crane
33:00 Long Swordsman
34:15 Plate Mail Armor
34:21 Iron Casting
34:56 Two-Handed Swordsman
36:47 Iron Casting
36:30 Bodkin Arrow
38:04 Champion
40:15 Blast Furnace
39:16 Bracer
39:16 Padded Archer Armor
38:40 Elite Skirmisher
40:30 Bogsveigar
39:56 Crossbowman
40:51 Arbalester
43:30 Leather Archer Armor
44:49 Crop Rotation
46:10 Ring Archer Armor
48:34 Two-Man Saw
66:06 Scale Barding Armor
65:53 Light Cavalry
Onlyfarms
11:14 Feudal Age
11:47 Horse Collar
11:53 Double-Bit Axe
18:41 Castle Age
17:52 Gold Mining
17:53 Stone Mining
19:36 Heavy Plow
19:46 Bow Saw
20:03 Loom
20:54 Wheelbarrow
20:06 Town Watch
22:19 Hand Cart
24:32 Gold Shaft Mining
24:33 Stone Shaft Mining
29:49 Imperial Age
28:32 Scale Barding Armor
28:38 Forging
28:29 Husbandry
28:39 Bloodlines
29:04 Town Watch
30:20 Elite War Elephant
31:36 Crop Rotation
31:34 Town Patrol
32:36 Two-Man Saw
32:41 Coinage
32:22 Guilds
33:53 Chain Barding Armor
35:21 Conscription
36:38 Heavy Scorpion
37:51 Masonry
37:36 Murder Holes
38:18 Plate Barding Armor
38:19 Iron Casting
39:02 Fletching
39:43 Architecture
40:01 Ballistics
39:48 Light Cavalry
40:36 Devotion
42:31 Chemistry
44:17 Caravan
44:48 Banking
53:15 Kamandaran
53:25 Citadels
59:48 Hussar
Connection lost

Rejoining the realm…

Still unreachable

The connection could not be restored.

Session expired

The server has moved on; the page needs a fresh start.